TOP OF THE 1ST |
Binghamton Mets batting - Pitching for Hartford Yard Goats : RHP Iehohs Inatho
|
Pitching: RHP Iehohs Inatho
|
|
Batting: RHB Oscar Bravo
|
0-0: Ball 1-0: Foul Ball, location: 2F 1-1: Ball 2-1: Called Strike 2-2: Ball 3-2: Ground out 4-3 (Groundball, 4, EV 79.4 MPH)
|
Batting: RHB Rich Cracchiolo
|
0-0: Ball 1-0: Called Strike 1-1: Foul Ball, location: 2F 1-2: Ball 2-2: Ball 3-2: Ground out 6-3 (Groundball, 6, EV 82.5 MPH)
|
Batting: SHB Masatoshi Akahoshi
|
0-0: Ball 1-0: Ball 2-0: Ball 3-0: Called Strike 3-1: Base on Balls
|
Batting: LHB Tony Leyba
|
0-0: Ball 1-0: Ball 2-0: Called Strike 2-1: Foul Ball, location: 2F 2-2: Fly out, F8 (Flyball, 8LM, EV 90.6 MPH)
|
Top of the 1st over - 0 runs, 0 hits, 0 errors, 1 left on base; Binghamton 0 - Hartford 0 |
BOTTOM OF THE 1ST |
Hartford Yard Goats batting - Pitching for Binghamton Mets : RHP Justin Wilkins
|
Pitching: RHP Justin Wilkins
|
|
Batting: SHB Jamie Mims
|
0-0: Swinging Strike 0-1: Ball 1-1: Ground out 6-3 (Groundball, 6, EV 104.4 MPH)
|
Batting: LHB Paul McClintock
|
0-0: Ball 1-0: Foul Ball, location: 2F 1-1: Ground out 5-3 (Groundball, 5L, EV 103.8 MPH)
|
Batting: LHB Chris Morgan
|
0-0: Ball 1-0: Fly out, F9 (Flyball, 9S, EV 88.1 MPH)
|
Bottom of the 1st over - 0 runs, 0 hits, 0 errors, 0 left on base; Binghamton 0 - Hartford 0 |
TOP OF THE 2ND |
Binghamton Mets batting - Pitching for Hartford Yard Goats : RHP Iehohs Inatho
|
Batting: RHB Jordan Williams
|
0-0: Ball 1-0: Ball 2-0: Ball 3-0: Called Strike 3-1: Ground out 6-3 (Groundball, 6, EV 103.8 MPH)
|
Batting: LHB Bayesa Mundhir
|
0-0: DOUBLE (Line Drive, 9LM, EV 105.6 MPH)
|
Batting: LHB Preston Knaak
|
0-0: Ball 1-0: Called Strike 1-1: Swinging Strike 1-2: Strikes out swinging
|
Batting: RHB Fathi Addae
|
0-0: Foul Ball, location: 2F 0-1: Called Strike 0-2: Ball 1-2: Strikes out swinging
|
Top of the 2nd over - 0 runs, 1 hit, 0 errors, 1 left on base; Binghamton 0 - Hartford 0 |
BOTTOM OF THE 2ND |
Hartford Yard Goats batting - Pitching for Binghamton Mets : RHP Justin Wilkins
|
Batting: LHB Jay Fenderson
|
0-0: Ground out 1-3 (Groundball, 13S, EV 69.4 MPH)
|
Batting: RHB Larry Hardman
|
0-0: Foul Ball, location: 2F 0-1: Ground out U3 (Groundball, 3S, EV 83.1 MPH)
|
Batting: SHB Jerry Massey
|
0-0: Called Strike 0-1: Swinging Strike 0-2: Ball 1-2: Ball 2-2: Strikes out swinging
|
Bottom of the 2nd over - 0 runs, 0 hits, 0 errors, 0 left on base; Binghamton 0 - Hartford 0 |
TOP OF THE 3RD |
Binghamton Mets batting - Pitching for Hartford Yard Goats : RHP Iehohs Inatho
|
Batting: RHB Gang-sheng Chew
|
0-0: Ground out 4-3 (Groundball, 6M, EV 81.9 MPH)
|
Batting: RHB Oscar Bravo
|
0-0: Ground out 6-3 (Groundball, 6, EV 103.1 MPH)
|
Batting: RHB Rich Cracchiolo
|
0-0: Ball 1-0: Called Strike 1-1: Ball 2-1: Ground out 3-1 (Groundball, 34S, EV 69.4 MPH)
|
Top of the 3rd over - 0 runs, 0 hits, 0 errors, 0 left on base; Binghamton 0 - Hartford 0 |
BOTTOM OF THE 3RD |
Hartford Yard Goats batting - Pitching for Binghamton Mets : RHP Justin Wilkins
|
Batting: RHB Peter Wheeler
|
0-0: Ball 1-0: Fly out, F9 (Flyball, 9LMF, EV 84.4 MPH)
|
Batting: LHB Iehohs Inatho
|
0-0: Called Strike 0-1: Ball 1-1: Foul Ball, location: 2F 1-2: Strikes out swinging
|
Batting: RHB Pei Xie
|
0-0: Called Strike 0-1: Foul Ball, location: 2F 0-2: Ball 1-2: Ball 2-2: Ball 3-2: Strikes out swinging
|
Bottom of the 3rd over - 0 runs, 0 hits, 0 errors, 0 left on base; Binghamton 0 - Hartford 0 |
TOP OF THE 4TH |
Binghamton Mets batting - Pitching for Hartford Yard Goats : RHP Iehohs Inatho
|
Batting: SHB Masatoshi Akahoshi
|
0-0: Swinging Strike 0-1: Ground out U3 (Groundball, 3L, EV 93.1 MPH)
|
Batting: LHB Tony Leyba
|
0-0: Called Strike 0-1: SOLO HOME RUN (Flyball, 9LD, EV 97.5 MPH), Distance : 348 ft
|
Batting: RHB Jordan Williams
|
0-0: Called Strike 0-1: Ground out 4-3 (Groundball, 4, EV 91.9 MPH)
|
Batting: LHB Bayesa Mundhir
|
0-0: Ball 1-0: Foul Ball, location: 2F 1-1: Foul Ball, location: 2F 1-2: Ball 2-2: Strikes out swinging
|
Top of the 4th over - 1 run, 1 hit, 0 errors, 0 left on base; Binghamton 1 - Hartford 0 |
BOTTOM OF THE 4TH |
Hartford Yard Goats batting - Pitching for Binghamton Mets : RHP Justin Wilkins
|
Batting: SHB Jamie Mims
|
0-0: Foul Ball, location: 2F 0-1: SINGLE (Groundball, 4D, EV 95.6 MPH)
|
Batting: LHB Paul McClintock
|
0-0: Ball 1-0: Foul Ball, location: 2F 1-1: Fly out, F9 (Flyball, 9, EV 70.6 MPH)
|
Batting: LHB Chris Morgan
|
0-0: Swinging Strike 0-1: Ball 1-1: Foul Ball, location: 2F 1-2: Ball Wild Pitch! Jamie Mims to second 2-2: Strikes out looking
|
Batting: LHB Jay Fenderson
|
0-0: Foul Ball, location: 2F 0-1: Called Strike 0-2: Ground out 4-3 (Groundball, 4, EV 105.6 MPH)
|
Bottom of the 4th over - 0 runs, 1 hit, 0 errors, 1 left on base; Binghamton 1 - Hartford 0 |
TOP OF THE 5TH |
Binghamton Mets batting - Pitching for Hartford Yard Goats : RHP Iehohs Inatho
|
Batting: LHB Preston Knaak
|
0-0: Ground out 4-3 (Groundball, 34D, EV 108.8 MPH)
|
Batting: RHB Fathi Addae
|
0-0: Called Strike 0-1: Ball 1-1: Ball 2-1: SINGLE (Groundball, 56D, EV 97.5 MPH)
|
Batting: RHB Gang-sheng Chew
|
0-0: Grounds into double play, 6-4-3 (Groundball, 6S, EV 82.5 MPH)
|
Top of the 5th over - 0 runs, 1 hit, 0 errors, 0 left on base; Binghamton 1 - Hartford 0 |
BOTTOM OF THE 5TH |
Hartford Yard Goats batting - Pitching for Binghamton Mets : RHP Justin Wilkins
|
Batting: RHB Larry Hardman
|
0-0: Called Strike 0-1: Ball 1-1: Ball 2-1: Swinging Strike 2-2: Fly out, F9 (Flyball, 9S, EV 89.4 MPH)
|
Batting: SHB Jerry Massey
|
0-0: Swinging Strike 0-1: Ball 1-1: Ball 2-1: Called Strike 2-2: Ball 3-2: Strikes out swinging
|
Batting: RHB Peter Wheeler
|
0-0: SINGLE (Groundball, 56D, EV 103.8 MPH)
|
Batting: LHB Iehohs Inatho
|
0-0: Called Strike 0-1: Ball 1-1: Ball 2-1: Fly out, F3 (Popup, 3SF, EV 83.1 MPH)
|
Bottom of the 5th over - 0 runs, 1 hit, 0 errors, 1 left on base; Binghamton 1 - Hartford 0 |
TOP OF THE 6TH |
Binghamton Mets batting - Pitching for Hartford Yard Goats : RHP Iehohs Inatho
|
Batting: RHB Oscar Bravo
|
0-0: Called Strike 0-1: Swinging Strike 0-2: Strikes out looking
|
Batting: RHB Rich Cracchiolo
|
0-0: Ball 1-0: Ball 2-0: Ball 3-0: Called Strike 3-1: Foul Ball, location: 2F 3-2: Foul Ball, location: 2F 3-2: Base on Balls
|
Batting: SHB Masatoshi Akahoshi
|
0-0: Called Strike 0-1: Ball 1-1: SINGLE (Line Drive, 5D, EV 97.5 MPH) Rich Cracchiolo to second
|
Batting: LHB Tony Leyba
|
0-0: Ball 1-0: Ball 2-0: Called Strike 2-1: Ball 3-1: Foul Ball, location: 2F 3-2: Foul Ball, location: 2F 3-2: Grounds into double play, 4-6-3 (Groundball, 4, EV 82.5 MPH)
|
Top of the 6th over - 0 runs, 1 hit, 0 errors, 1 left on base; Binghamton 1 - Hartford 0 |
BOTTOM OF THE 6TH |
Hartford Yard Goats batting - Pitching for Binghamton Mets : RHP Justin Wilkins
|
Pinch Hitting: RHB Doug D'Onofrio
|
0-0: Ball 1-0: Foul Ball, location: 2F 1-1: Ball 2-1: Ground out 6-3 (Groundball, 6, EV 82.5 MPH)
|
Batting: SHB Jamie Mims
|
0-0: Called Strike 0-1: Foul Ball, location: 2F 0-2: Ball 1-2: Foul Ball, location: 2F 1-2: SINGLE (Groundball, 4M, EV 102.5 MPH) (infield hit)
|
Batting: LHB Paul McClintock
|
0-0: Ball Jamie Mims steals 2nd base 1-0: Ball 2-0: Called Strike 2-1: Ground out 6-3 (Groundball, 6, EV 106.9 MPH)
|
Batting: LHB Chris Morgan
|
0-0: Foul Ball, location: 2F 0-1: Called Strike 0-2: TRIPLE (Flyball, 89XD, EV 107.5 MPH) Jamie Mims scores
|
Batting: LHB Jay Fenderson
|
0-0: Called Strike 0-1: Ball 1-1: Foul Ball, location: 2F 1-2: Fly out, F8 (Flyball, 8RS, EV 89.4 MPH)
|
Bottom of the 6th over - 1 run, 2 hits, 0 errors, 1 left on base; Binghamton 1 - Hartford 1 |
TOP OF THE 7TH |
Binghamton Mets batting - Pitching for Hartford Yard Goats : RHP Iehohs Inatho
|
Now at 2B: Doug D'Onofrio
|
|
Now at SS: Paul McClintock
|
|
Batting: RHB Jordan Williams
|
0-0: Ball 1-0: Called Strike 1-1: Ball 2-1: Ground out 6-3 (Groundball, 4MS, EV 85.0 MPH)
|
Batting: LHB Bayesa Mundhir
|
0-0: Called Strike 0-1: Called Strike 0-2: Foul Ball, location: 2F 0-2: Ball 1-2: Foul Ball, location: 2F 1-2: Fly out, F7 (Flyball, 7S, EV 83.8 MPH)
|
Batting: LHB Preston Knaak
|
0-0: Ball 1-0: Foul Ball, location: 2F 1-1: Ball 2-1: Called Strike 2-2: Ball 3-2: Foul Ball, location: 2F 3-2: Base on Balls
|
Pitching: RHP Joe Schuler
|
|
Batting: RHB Fathi Addae
|
0-0: Called Strike 0-1: Ball 1-1: Ball 2-1: SINGLE (Groundball, 56D, EV 95.0 MPH) Preston Knaak to second
|
Batting: RHB Gang-sheng Chew
|
0-0: Swinging Strike 0-1: Ball 1-1: Swinging Strike 1-2: Strikes out swinging
|
Top of the 7th over - 0 runs, 1 hit, 0 errors, 2 left on base; Binghamton 1 - Hartford 1 |
BOTTOM OF THE 7TH |
Hartford Yard Goats batting - Pitching for Binghamton Mets : RHP Justin Wilkins
|
Batting: RHB Larry Hardman
|
0-0: Ball 1-0: Foul Ball, location: 2F 1-1: Swinging Strike 1-2: SINGLE (Line Drive, 6D, EV 95.6 MPH)
|
Batting: SHB Jerry Massey
|
0-0: Ball 1-0: Called Strike 1-1: 2-RUN HOME RUN (Line Drive, 9D, EV 99.4 MPH), Distance : 373 ft
|
Batting: RHB Peter Wheeler
|
0-0: Ball 1-0: Ball 2-0: DOUBLE (Groundball, 5L, EV 104.4 MPH)
|
Batting: LHB Iehohs Inatho
|
0-0: Ball 1-0: Swinging Strike 1-1: SINGLE (Groundball, 34, EV 98.1 MPH) Peter Wheeler to third Runner from 3rd tries for Home, SAFE, throw by RF to home Iehohs Inatho to second
|
Batting: RHB Doug D'Onofrio
|
0-0: Ball 1-0: Ball 2-0: Swinging Strike 2-1: Ball 3-1: Base on Balls
|
Batting: SHB Jamie Mims
|
0-0: Ball 1-0: Bunt missed! 1-1: Bunt missed! 1-2: Ball 2-2: Grounds into double play, 5-4-3 (Groundball, 56S, EV 84.4 MPH) Iehohs Inatho to third
|
Pitching: RHP Rodriguo Persoa
|
|
Batting: LHB Paul McClintock
|
0-0: Ball 1-0: Ground out 6-3 (Groundball, 6, EV 90.6 MPH)
|
Bottom of the 7th over - 3 runs, 4 hits, 0 errors, 1 left on base; Binghamton 1 - Hartford 4 |
TOP OF THE 8TH |
Binghamton Mets batting - Pitching for Hartford Yard Goats : RHP Joe Schuler
|
Batting: RHB Oscar Bravo
|
0-0: Ball 1-0: Called Strike 1-1: SINGLE (Groundball, 34S, EV 98.1 MPH)
|
Batting: RHB Rich Cracchiolo
|
0-0: Ball 1-0: Ball 2-0: Called Strike 2-1: SINGLE (Groundball, 5S, EV 76.2 MPH) (infield hit) Oscar Bravo to second
|
Batting: SHB Masatoshi Akahoshi
|
0-0: Called Strike 0-1: Ball 1-1: SINGLE (Flyball, 78S, EV 92.5 MPH) Oscar Bravo to third Rich Cracchiolo to second Runner from 3rd tries for Home, SAFE, throw by CF to home
|
Pitching: RHP Davon Ware
|
|
Batting: LHB Tony Leyba
|
0-0: Ball 1-0: Swinging Strike 1-1: Foul Ball, location: 2F 1-2: Foul Ball, location: 2F 1-2: Ball 2-2: Ball 3-2: Base on Balls Rich Cracchiolo to third Masatoshi Akahoshi to second
|
Batting: RHB Jordan Williams
|
0-0: Grounds into double play, 6-2-3 (Groundball, 6, EV 88.1 MPH) Masatoshi Akahoshi to third Tony Leyba to second
|
Batting: LHB Bayesa Mundhir
|
0-0: Ball 1-0: SINGLE (Groundball, 4MD, EV 98.8 MPH) Masatoshi Akahoshi scores Tony Leyba to third Runner from 3rd tries for Home, SAFE, throw by CF to home
|
Batting: LHB Preston Knaak
|
0-0: Called Strike 0-1: Ball 1-1: Ball 2-1: Foul Ball, location: 2F 2-2: Fielders Choice at 2nd, 6-4 (Groundball, 6, EV 85.6 MPH)
|
Top of the 8th over - 3 runs, 4 hits, 0 errors, 1 left on base; Binghamton 4 - Hartford 4 |
BOTTOM OF THE 8TH |
Hartford Yard Goats batting - Pitching for Binghamton Mets : RHP Rodriguo Persoa
|
Batting: LHB Chris Morgan
|
0-0: Ball 1-0: Swinging Strike 1-1: Foul Ball, location: 2F 1-2: Strikes out looking
|
Batting: LHB Jay Fenderson
|
0-0: Foul Ball, location: 2F 0-1: Ball 1-1: Foul Ball, location: 2F 1-2: Ground out 5-3 (Groundball, 56S, EV 84.4 MPH)
|
Batting: RHB Larry Hardman
|
0-0: Foul Ball, location: 2F 0-1: Ball 1-1: SINGLE (Line Drive, 6MD, EV 96.2 MPH)
|
Batting: SHB Jerry Massey
|
0-0: Called Strike 0-1: Foul Ball, location: 2F 0-2: Strikes out swinging
|
Bottom of the 8th over - 0 runs, 1 hit, 0 errors, 1 left on base; Binghamton 4 - Hartford 4 |
TOP OF THE 9TH |
Binghamton Mets batting - Pitching for Hartford Yard Goats : RHP Davon Ware
|
Pitching: RHP Jim Micaletti
|
|
Batting: RHB Fathi Addae
|
0-0: Ground out 5-3 (Groundball, 5, EV 96.9 MPH)
|
Batting: RHB Gang-sheng Chew
|
0-0: DOUBLE (Flyball, 8LXD, EV 105.0 MPH)
|
Batting: RHB Oscar Bravo
|
0-0: Called Strike 0-1: Called Strike 0-2: Strikes out swinging
|
Batting: RHB Rich Cracchiolo
|
0-0: Called Strike 0-1: Ball 1-1: Foul Ball, location: 2F 1-2: Strikes out swinging
|
Top of the 9th over - 0 runs, 1 hit, 0 errors, 1 left on base; Binghamton 4 - Hartford 4 |
BOTTOM OF THE 9TH |
Hartford Yard Goats batting - Pitching for Binghamton Mets : RHP Rodriguo Persoa
|
Pitching: RHP Robby Guzman
|
|
Pinch Hitting: LHB Tim Mulholland
|
0-0: Ball 1-0: Foul Ball, location: 2F 1-1: Ball 2-1: SINGLE (Line Drive, 5D, EV 103.8 MPH)
|
Batting: LHB Iehohs Inatho
|
0-0: Ball Tim Mulholland steals 2nd base 1-0: Ball 2-0: Ball 3-0: Called Strike 3-1: Foul Ball, location: 2F 3-2: Strikes out swinging
|
Batting: RHB Doug D'Onofrio
|
0-0: Swinging Strike 0-1: Foul Ball, location: 2F 0-2: Ball 1-2: Fly out, F8 (Line Drive, 8RM, EV 91.2 MPH)
|
Batting: SHB Jamie Mims
|
0-0: Called Strike 0-1: Ball 1-1: Ball 2-1: Fly out, F7 (Flyball, 7, EV 84.4 MPH)
|
Bottom of the 9th over - 0 runs, 1 hit, 0 errors, 1 left on base; Binghamton 4 - Hartford 4 |
TOP OF THE 10TH |
Binghamton Mets batting - Pitching for Hartford Yard Goats : RHP Jim Micaletti
|
Now at C: Justin Harris
|
|
Batting: SHB Masatoshi Akahoshi
|
0-0: Ball 1-0: Swinging Strike 1-1: Foul Ball, location: 2F 1-2: Ball 2-2: Strikes out swinging, 2-3 out at first.
|
Batting: LHB Tony Leyba
|
0-0: Ball 1-0: Ball 2-0: Ball 3-0: Base on Balls
|
Batting: RHB Jordan Williams
|
0-0: Ball 1-0: Foul Ball, location: 2F 1-1: Ball 2-1: Called Strike 2-2: Ball 3-2: Foul Ball, location: 2F 3-2: Fielders Choice at 2nd, 5-4 (Groundball, 5S, EV 84.4 MPH)
|
Pitching: RHP Dane Long
|
|
Batting: LHB Bayesa Mundhir
|
0-0: Ball Jordan Williams steals 2nd base 1-0: Swinging Strike 1-1: Ball 2-1: Ball 3-1: Ground out 5-3 (Groundball, 56, EV 100.0 MPH)
|
Top of the 10th over - 0 runs, 0 hits, 0 errors, 1 left on base; Binghamton 4 - Hartford 4 |
BOTTOM OF THE 10TH |
Hartford Yard Goats batting - Pitching for Binghamton Mets : RHP Robby Guzman
|
Batting: LHB Paul McClintock
|
0-0: Ball 1-0: Called Strike 1-1: Foul Ball, location: 2F 1-2: Ball 2-2: Strikes out swinging
|
Batting: LHB Chris Morgan
|
0-0: Ball 1-0: Called Strike 1-1: Called Strike 1-2: DOUBLE (Line Drive, 9LM, EV 95.0 MPH)
|
Batting: LHB Jay Fenderson
|
0-0: Intentional Walk
|
Batting: RHB Larry Hardman
|
0-0: Fielders Choice at 2nd, 6-4 (Groundball, 56D, EV 84.4 MPH) Chris Morgan to third
|
Batting: SHB Jerry Massey
|
0-0: Ball 1-0: Foul Ball, location: 2F 1-1: Called Strike 1-2: Strikes out swinging
|
Bottom of the 10th over - 0 runs, 1 hit, 0 errors, 2 left on base; Binghamton 4 - Hartford 4 |
TOP OF THE 11TH |
Binghamton Mets batting - Pitching for Hartford Yard Goats : RHP Dane Long
|
Batting: LHB Preston Knaak
|
0-0: Called Strike 0-1: Ball 1-1: Foul Ball, location: 2F 1-2: Ball 2-2: Strikes out swinging
|
Batting: RHB Fathi Addae
|
0-0: Foul Ball, location: 2F 0-1: Swinging Strike 0-2: Foul Ball, location: 2F 0-2: Ball 1-2: Foul Ball, location: 2F 1-2: Foul Ball, location: 2F 1-2: Ball 2-2: Ball 3-2: Ground out 4-3 (Groundball, 4, EV 85.6 MPH)
|
Batting: RHB Gang-sheng Chew
|
0-0: Foul Ball, location: 2F 0-1: Ball 1-1: Ball 2-1: Called Strike 2-2: Ball 3-2: Base on Balls
|
Pitching: RHP Joe Gonzales
|
|
Batting: RHB Oscar Bravo
|
0-0: Called Strike 0-1: Foul Ball, location: 2F 0-2: Ball 1-2: Ball 2-2: Ball 3-2: Ground out U3 (Groundball, 34S, EV 61.9 MPH)
|
Top of the 11th over - 0 runs, 0 hits, 0 errors, 1 left on base; Binghamton 4 - Hartford 4 |
BOTTOM OF THE 11TH |
Hartford Yard Goats batting - Pitching for Binghamton Mets : RHP Robby Guzman
|
Batting: RHB Justin Harris
|
0-0: Called Strike 0-1: Ball 1-1: Foul Ball, location: 2F 1-2: Ball 2-2: Ball 3-2: Ground out 6-3 (Groundball, 56, EV 100.0 MPH)
|
Batting: LHB Iehohs Inatho
|
0-0: Ball 1-0: Called Strike 1-1: Called Strike 1-2: Foul Ball, location: 2F 1-2: Strikes out looking
|
Batting: RHB Doug D'Onofrio
|
0-0: Called Strike 0-1: Swinging Strike 0-2: Foul Ball, location: 2F 0-2: Ball 1-2: Strikes out looking
|
Bottom of the 11th over - 0 runs, 0 hits, 0 errors, 0 left on base; Binghamton 4 - Hartford 4 |
TOP OF THE 12TH |
Binghamton Mets batting - Pitching for Hartford Yard Goats : RHP Joe Gonzales
|
Batting: RHB Rich Cracchiolo
|
0-0: Ground out 3-1 (Groundball, 34S, EV 88.1 MPH)
|
Batting: SHB Masatoshi Akahoshi
|
0-0: Ball 1-0: Ball 2-0: Called Strike 2-1: Swinging Strike 2-2: Strikes out swinging
|
Batting: LHB Tony Leyba
|
0-0: Ball 1-0: Ball 2-0: Ball 3-0: Base on Balls
|
Batting: RHB Jordan Williams
|
0-0: Ball 1-0: Called Strike 1-1: Foul Ball, location: 2F 1-2: Ball 2-2: DOUBLE (Groundball, 5L, EV 102.5 MPH) Tony Leyba to third Runner from 3rd tries for Home, SAFE, no throw by LF
|
Batting: LHB Bayesa Mundhir
|
0-0: Called Strike 0-1: Called Strike 0-2: Foul Ball, location: 2F 0-2: Ball 1-2: 2-RUN HOME RUN (Flyball, 9LD, EV 96.9 MPH), Distance : 352 ft
|
Pitching: RHP Larry Cassano
|
|
Batting: LHB Preston Knaak
|
0-0: DOUBLE (Flyball, 78XD, EV 115.0 MPH)
|
Batting: RHB Fathi Addae
|
0-0: Ball 1-0: Foul Ball, location: 2F 1-1: Ball 2-1: Foul Ball, location: 2F 2-2: Foul Ball, location: 2F 2-2: Foul Ball, location: 2F 2-2: Ball Wild Pitch! Preston Knaak to third 3-2: Strikes out swinging
|
Top of the 12th over - 3 runs, 3 hits, 0 errors, 1 left on base; Binghamton 7 - Hartford 4 |
BOTTOM OF THE 12TH |
Hartford Yard Goats batting - Pitching for Binghamton Mets : RHP Robby Guzman
|
Pitching: RHP Al Rios
|
|
Batting: SHB Jamie Mims
|
0-0: Ground out 4-3 (Groundball, 4, EV 81.2 MPH)
|
Batting: LHB Paul McClintock
|
0-0: Called Strike 0-1: Called Strike 0-2: Ball 1-2: Ball 2-2: Ball 3-2: Foul Ball, location: 2F 3-2: Ground out 6-3 (Groundball, 6, EV 107.5 MPH)
|
Batting: LHB Chris Morgan
|
0-0: Foul Ball, location: 2F 0-1: Ball 1-1: Ball 2-1: Ball 3-1: Swinging Strike 3-2: Ground out 4-3 (Groundball, 34D, EV 81.2 MPH)
|
Bottom of the 12th over - 0 runs, 0 hits, 0 errors, 0 left on base; Binghamton 7 - Hartford 4 |
|